 Seeded DCSS version 0.30-a0-802-gb92711bcdf (webtiles) character file.

Game seed: 9908990106765037600 (custom seed)

3000 valliere the Covert (level 9, -1/44 HPs)
             Began as a Spriggan Enchanter on Feb 24, 2023.
             Was a Believer of Dithmenos.
             Slain by a killer bee (7 damage)
             ... on level 7 of the Dungeon.
             The game lasted 00:25:28 (7026 turns).

valliere the Covert (Spriggan Enchanter)            Turns: 7026, Time: 00:25:28

Health: -1/44      AC:  3    Str:  6    XL:     9   Next: 54%
Magic:  8/19       EV: 23    Int: 17    God:    Dithmenos [**....]
Gold:   406        SH:  0    Dex: 23    Spells: 11/20 levels left

rFire   . . .      SeeInvis +    a - +1 dagger
rCold   . . .      Faith    +    (no shield)
rNeg    . . .      Spirit   .    b - +0 robe
rPois   +          Reflect  .    (helmet restricted)
rElec   .          Harm     .    e - +0 cloak
rCorr   .          Rampage  .    (gloves unavailable)
Will    +....                    (boots unavailable)
Stlth   ++++++                   n - amulet of faith
HPRegen 0.27/turn                s - +6 ring of dexterity
MPRegen 0.16/turn                A - ring of poison resistance

@: lethally poisoned (-1 -> -3), very slightly contaminated, wreathed by umbra,
very quick
A: very small, no large weapons, unfitting armour, see invisible, speed 3
a: Renounce Religion, Shadow Step


You were on level 7 of the Dungeon.
You worshipped Dithmenos.
Dithmenos was pleased with you.
You visited 2 branches of the dungeon, and saw 9 of its levels.

You collected 406 gold pieces.

Inventory:

Hand Weapons
 a - a +1 dagger (weapon)
 m - a +0 sling
 t - a +8 hand crossbow of draining
 x - the +6 sling "Duvej" {drain, *Slow rPois Str-5 Int+4}
   (You found it on level 5 of the Dungeon)

   Str:       It affects your strength (-5).
   Int:       It affects your intelligence (+4).
   rPois:     It protects you from poison.
   *Slow:     It may slow you when you take damage.
Armour
 b - a +0 robe (worn)
 e - a +0 cloak (worn)
Jewellery
 n - an amulet of faith (around neck)
 s - a +6 ring of dexterity (left hand)
 y - a +6 ring of strength
 A - a ring of poison resistance (right hand)
Wands
 q - a wand of flame (18)
 C - a wand of light (6)
Scrolls
 d - a scroll of vulnerability {unknown}
 f - a scroll of amnesia {unknown}
 g - 5 scrolls of teleportation
 j - 4 scrolls of fog
 p - 2 scrolls of noise
 r - a scroll of enchant armour {unknown}
 v - a scroll of fear {unknown}
 F - a scroll of identify
Potions
 c - 3 potions of invisibility
 h - a potion of heal wounds {unknown}
 i - 3 potions of curing
 k - 2 potions of attraction
 l - 4 potions of flight
 o - a potion of degeneration {unknown}
 u - 4 potions of lignification
 w - a potion of cancellation {unknown}
 z - a potion of mutation {unknown}
 B - a potion of berserk rage {unknown}
 D - a potion of might {unknown}
 E - a potion of resistance {unknown}


   Skills:
 + Level 3.6 Fighting
 - Level 2.4 Short Blades
 * Level 6.1 Ranged Weapons
 + Level 6.6 Dodging
 + Level 8.8 Stealth
 + Level 6.2 Spellcasting
 + Level 6.6 Hexes
 + Level 6.0 Evocations


You had 11 spell levels left.
You knew the following spells:

 Your Spells              Type           Power      Damage    Failure   Level
a - Ensorcelled Hibernat  Hex/Ice        32%        N/A       4%          2
b - Cause Fear            Hex            13%        N/A       9%          4
c - Tukima's Dance        Hex            27%        N/A       2%          3

Your spell library contained the following spells:

 Spells                   Type           Power      Damage    Failure   Level
 Confusing Touch          Hex            27%        N/A       2%          3
 Dazzling Flash           Conj/Hex       32%        N/A       10%         3
 Inner Flame              Hex/Fire       16%        N/A       10%         3
 Portal Projectile        Hex/Tloc       32%        N/A       10%         3
 Anguish                  Hex/Necr       8%         N/A       32%         4
 Leda's Liquefaction      Hex/Erth       8%         N/A       32%         4
 Call Canine Familiar     Summ           5%         N/A       36%         3
 Spider Form              Tmut/Pois      5%         N/A       36%         3
 Discord                  Hex            13%        N/A       100%        8


Dungeon Overview and Level Annotations

Branches:
Dungeon (8/15)             Temple (1/1) D:5
   Lair: D:8-11

Altars:
Ashenzari
Cheibriados
Dithmenos
Elyvilon
Fedhas
Gozag
Hepliaklqana
Kikubaaqudgha
Makhleb
Nemelex Xobeh
Okawaru
Qazlal
Ru
Sif Muna
Trog
Uskayaw
Vehumet
Wu Jian
Xom
Yredelemnul
Zin
The Shining One


Innate Abilities, Weirdness & Mutations

You are very small and have problems with some larger weapons.
You are too small for most types of armour.
You have supernaturally acute eyesight. (SInv)
You cover ground extremely quickly. (Speed+++)


Message History

Aim: a water moccasin (umbra, chance to affect: 50%)
The water moccasin resists with some effort.
The killer bee barely misses you. The killer bee completely misses you.
The water moccasin bites you.
You are poisoned.
The water moccasin poisons you!
Casting: Ensorcelled Hibernation (safe; 4% risk of failure)
Confirm with . or Enter, or press ? or * to list all spells.
Aiming: Ensorcelled Hibernation (safe; 4% risk of failure)
Press: ? - help, Shift-Dir - straight line, f/p - water moccasin
Aim: a water moccasin (umbra, chance to affect: 50%)
You miscast Ensorcelled Hibernation.
You are very lightly contaminated with residual magic.
Nothing appears to happen.
You feel sick. The killer bee stings you.
* * * LOW HITPOINT WARNING * * *
The water moccasin misses you. The killer bee barely misses you.
Casting: Ensorcelled Hibernation (safe; 4% risk of failure)
Confirm with . or Enter, or press ? or * to list all spells.
Aiming: Ensorcelled Hibernation (safe; 4% risk of failure)
Press: ? - help, Shift-Dir - straight line, f/p - water moccasin
Aim: a water moccasin (umbra, chance to affect: 50%)
The water moccasin looks drowsy...
You feel sick. The killer bee barely misses you.
The killer bee closely misses you.
The helpless water moccasin fails to defend itself.
You stick the water moccasin like a pincushion!!!
You kill the water moccasin!
Dithmenos accepts your kill.
You feel sick. The killer bee closely misses you. The killer bee misses you.
Your Evocations skill increases to level 6!
You closely miss the killer bee.
The killer bee is almost dead.
You feel sick. The killer bee closely misses you. The killer bee misses you.
Casting: Ensorcelled Hibernation (safe; 4% risk of failure)
Confirm with . or Enter, or press ? or * to list all spells.
Aiming: Ensorcelled Hibernation (safe; 4% risk of failure)
Press: ? - help, Shift-Dir - straight line, f - killer bee
Aim: a killer bee (almost dead, umbra, chance to affect: 58%)
The killer bee resists with significant effort.
You feel sick. The killer bee stings you!
You die...

.....# .##..#
.##..#####
(.#......#
..+......#
#####...########
#######'#......#####
..........#....†.y.#
..........'.....@).#
...##..##.#........#
...###+##.#####....#
#####.........#....#
#..##.........#....#
...############....#
...#...............#
...'...............#
####.............(.#


You could see a killer bee.

Vanquished Creatures
  Prince Ribbit (D:7)
  A wyvern (D:5)
  2 steam dragons
  A water moccasin (D:7)
  An orc warrior (D:7)
  3 sky beasts (D:7)
  An ice beast (D:7)
  2 ogres (D:5)
  A phantom (D:3)
  A bullfrog (D:6)
  2 kobold brigands
  A necrophage (D:7)
  3 wights (D:7)
  4 scorpions
  4 howler monkeys
  4 hounds
  A jelly (D:4)
  5 orc priests
  Jessica (D:3)
  5 orc wizards
  Terence (D:2)
  3 iguanas
  10 adders
  3 gnolls (D:4)
  A shadow imp (D:7)
  A worm (D:2)
  3 dart slugs
  25 orcs
  5 ball pythons
  9 bats
  11 endoplasms
  4 giant cockroaches
  10 goblins
  10 hobgoblins
  6 jackals
  16 kobolds
  A quokka (D:1)
  5 frilled lizards
  2 rats
170 creatures vanquished.

Notes
Turn   | Place    | Note
-------+----------+-------------------------------------------
     0 | D:1      | valliere the Spriggan Enchanter began the quest for the
                  | Orb.
     0 | D:1      | Reached XP level 1. HP: 9/9 MP: 5/5
   203 | D:1      | Reached XP level 2. HP: 13/13 MP: 6/6
   349 | D:1      | Reached skill level 1 in Evocations
   352 | D:1      | Learned a level 2 spell: Ensorcelled Hibernation
   657 | D:1      | Reached XP level 3. HP: 17/17 MP: 8/8
  1138 | D:2      | Noticed Terence
  1150 | D:2      | Killed Terence
  1151 | D:2      | Reached skill level 5 in Stealth
  1263 | D:2      | Reached XP level 4. HP: 19/21 MP: 9/9
  1545 | D:2      | Found a faded altar of an unknown god.
  2181 | D:3      | Found a snail-covered altar of Cheibriados.
  2431 | D:3      | Noticed Jessica
  2439 | D:3      | Killed Jessica
  2440 | D:3      | Reached skill level 1 in Fighting
  2440 | D:3      | Reached XP level 5. HP: 25/25 MP: 6/11
  3031 | D:3      | Identified 2 scrolls of acquirement
  3031 | D:3      | Acquired a +4 hand crossbow of draining
  3041 | D:3      | Acquired a +6 ring of dexterity
  3290 | D:4      | Noticed a phantom
  3298 | D:3      | Reached skill level 1 in Ranged Weapons
  3328 | D:4      | Reached XP level 6. HP: 26/30 MP: 12/12
  3466 | D:4      | Reached skill level 6 in Stealth
  3537 | D:4      | Reached XP level 7. HP: 34/34 MP: 14/14
  4064 | D:5      | Entered Level 5 of the Dungeon
  4104 | D:5      | Found a staircase to the Ecumenical Temple.
  4112 | Temple   | Entered the Ecumenical Temple
  4228 | D:5      | Reached skill level 5 in Hexes
  4274 | D:5      | Identified the +6 sling "Duvej" {drain, *Slow rPois Str-5
                  | Int+4}
  4424 | D:5      | Found a shadowy altar of Dithmenos.
  4454 | D:5      | Became a worshipper of Dithmenos the Shadowed
  4479 | D:5      | Found a radiant altar of Vehumet.
  4480 | D:5      | Noticed a wyvern
  4481 | D:5      | Killed a wyvern
  4482 | D:5      | Reached skill level 7 in Stealth
  4482 | D:5      | Reached XP level 8. HP: 39/39 MP: 14/16
  4629 | D:5      | Reached skill level 5 in Dodging
  4705 | D:5      | Reached skill level 5 in Spellcasting
  5003 | D:6      | Identified the +3 mace "Anwuesif" {vamp, Will+ SInv}
  5062 | D:6      | Found a glowing golden altar of the Shining One.
  5584 | D:7      | Noticed Prince Ribbit
  5586 | D:7      | Reached * piety under Dithmenos
  5590 | D:7      | Killed Prince Ribbit
  5591 | D:7      | Reached skill level 5 in Ranged Weapons
  5591 | D:7      | Reached skill level 5 in Evocations
  5646 | D:7      | Reached skill level 8 in Stealth
  5715 | D:7      | Reached XP level 9. HP: 35/44 MP: 18/18
  5720 | D:7      | Learned a level 4 spell: Cause Fear
  5724 | D:7      | Learned a level 3 spell: Tukima's Dance
  6611 | D:7      | Reached ** piety under Dithmenos
  7026 | D:7      | Slain by a killer bee

Illustrated notes

Levels and vault maps discovered:
D:1:      giann_bridges, layout_loops_corners, serial_glass, glass_columns_a,
          glass_columns_b, minmay_pentomino_w4
D:2:      layout_rooms, serial_co_window_serial, co_window_of_opportunity_a,
          co_window_paths_a, co_window_of_opportunity_a, co_window_cross_1,
          co_window_paths_a, co_window_broadway_a, co_window_paths_c,
          co_window_broadway_a, co_window_4corner_b, glass_columns_a,
          hellmonk_ecumenical_altar_blasted, uniq_terence
D:3:      layout_basic, mainiacjoe_overflow_surrounded_room, serial_forest,
          infiniplex_forest_zigzag_2, infiniplex_forest_end_1,
          infiniplex_forest_corner_2, infiniplex_forest_end_2,
          infiniplex_forest_lined_1, infiniplex_forest_clump_curved,
          infiniplex_forest_lined_room_3, infiniplex_forest_clump_curved,
          infiniplex_forest_fountain, guppyfry_early_orc_mine, uniq_jessica
D:4:      layout_cave_pools
D:5:      layout_layer_cave, lemuel_round_altar,
          nicolae_dithmenos_shadow_blocks, minmay_temple_entry_large_hall
D:6:      layout_gridville, tso_oasis_becter, uniq_eustachio,
          uniq_crazy_yiuf_cottage
D:7:      layout_gridville, minmay_statues_item, uniq_prince_ribbit1
D:8:      layout_cave_pools, hellmonk_bongcloud_opening, st_stairs_6,
          uniq_pikel, uniq_grum
Temple:   compressed_dpeg_circular_temple

Skill      XL: |  1  2  3  4  5  6  7  8  9 |
---------------+----------------------------+-----
Evocations     | 1 2 3 4 5 6 |  6.0
Dodging        | 3 4 6 |  6.6
Spellcasting   | 3 4 5 6 |  6.2
Stealth        | 5 6 7 8 |  8.8
Hexes          | 4 5 6 |  6.6
Short Blades   | 2 |  2.4
Fighting       | 1 2 3 |  3.6
Ranged Weapons | 1 2 3 5 6 |  6.1

Action                     |  1- 3 |  4- 6 |  7- 9 || total
---------------------------+-------+-------+-------++-------
  Melee: Dagger            |   127 |   188 |    28 ||   343
         Punch             |       |     1 |       ||     1
   Fire: Sling             |       |     1 |       ||     1
         Hand crossbow     |       |    44 |   153 ||   197
   Cast: Ensorcelled Hiber |     4 |     3 |     8 ||    15
    Use: Scroll            |       |     2 |    12 ||    14
   Stab: Sleeping          |     6 |    10 |     1 ||    17
         Distracted        |       |     1 |       ||     1
 Armour: Robe              |    16 |    25 |     9 ||    50
  Dodge: Dodged            |   110 |   148 |   102 ||   360

Table legend: (Time is in decaauts)
 A = Elapsed time spent in this place.
 B = Non-inter-level travel time spent in this place.
 C = Inter-level travel time spent in this place.
 D = Time resting spent in this place.
 E = Time spent auto-exploring this place.
 F = Levels seen in this place.
 G = Mean time per level.
                   A        B        C        D        E       F      G
               +--------+--------+--------+--------+--------+-----+--------+
         Total |   5026 |   4684 |    342 |    169 |   3284 |   9 |  558.4 |
       Dungeon |   4972 |   4639 |    333 |    169 |   3249 |   8 |  621.5 |
        Temple |     54 |     46 |      8 |      0 |     34 |   1 |   54.0 |
               +--------+--------+--------+--------+--------+-----+--------+

Top non-repeatable levels by time:
     D:7: 1168 daAuts
     D:3: 1064 daAuts
     D:1: 784 daAuts
     D:2: 644 daAuts
     D:5: 529 daAuts
     D:4: 408 daAuts
     D:6: 337 daAuts
  Temple: 54 daAuts
     D:8: 35 daAuts
